 Dungeon Crawl Stone Soup version 0.27.1-33-g824d729ab1 (webtiles) character file.

Game seed: 5488649970600995972

49 boopmooplesden the Skirmisher (level 3, -4/34 HPs)
             Began as a Minotaur Fighter on Dec 16, 2021.
             Slain by a phantom (6 damage)
             ... on level 2 of the Dungeon.
             The game lasted 00:01:28 (1622 turns).

boopmooplesden the Skirmisher (Minotaur Fighter)    Turns: 1622, Time: 00:01:29

Health: -4/34      AC:  7    Str: 20    XL:     3   Next: 53%
Magic:  2/2        EV:  7    Int:  5    God:
Gold:   71         SH:  9    Dex: 10    Spells: 2/2 levels left

rFire    . . .     SeeInvis .   a - +0 flail
rCold    . . .     Faith    .   c - +0 kite shield
rNeg     . . .     Spirit   .   b - +0 scale mail
rPois    .         Reflect  .   (helmet restricted)
rElec    .         Harm     .   (no cloak)
rCorr    .         Rampage  .   (no gloves)
Will     .....                  (no boots)
Stlth    ..........             (no amulet)
HPRegen  0.11/turn              (no ring)
MPRegen  0.08/turn              (no ring)

@: no status effects
A: horns 2, retaliatory headbutt
a: no special abilities


You were on level 2 of the Dungeon.
You visited 1 branch of the dungeon, and saw 3 of its levels.

You collected 71 gold pieces.

Inventory:

Hand Weapons
 a - a +0 flail (weapon)
Armour
 b - a +0 scale mail (worn)
 c - a +0 kite shield (worn)
Jewellery
 g - a ring of flight
Scrolls
 i - a scroll of fog {unknown}
 j - a scroll of identify {unknown}
 l - a scroll of vulnerability {unknown}
 m - a scroll of fear {unknown}
 n - a scroll of torment {unknown}
Potions
 d - a potion of might
 e - a potion of curing {unknown}
 f - 2 potions of flight {unknown}
 h - a potion of heal wounds
 k - 2 potions of degeneration {unknown}


   Skills:
 + Level 4.3 Fighting
 + Level 3.4 Maces & Flails
 + Level 3.8 Armour
 + Level 4.2 Shields


You had 2 spell levels left.
You didn't know any spells.
Your spell library was empty.

Dungeon Overview and Level Annotations

Branches:
Dungeon (3/15)

Altars:

Shops:
D:1 :

Annotations:
D:3 Jessica


Innate Abilities, Weirdness & Mutations

You have a pair of horns on your head.
You reflexively headbutt those who attack you in melee.


Message History

The phantom is severely damaged.
The phantom hits you but does no damage.
An endoplasm comes into view.
Jessica points at you and mumbles some strange words.
Pain shoots through your body!
* * * LOW HITPOINT WARNING * * *
The endoplasm quivers.
Jessica mumbles some strange words.
Jessica seems to speed up.
The phantom barely misses you.
Jessica looks very angry.
Jessica mumbles some strange words.
Jessica blinks!
There is a stone staircase leading up here.
You block the phantom's attack.
Jessica gestures wildly while chanting.
Jessica blinks!
You climb upwards.
There is a stone staircase leading down here.
You closely miss the phantom.
The phantom is heavily damaged.
The phantom barely misses you. You block the phantom's attack.
You hit the phantom. Your headbutt misses the phantom.
The phantom is severely damaged.
The phantom hits you but does no damage.
You hit the phantom but do no damage.
The phantom is severely damaged.
The phantom hits you!
* * * LOW HITPOINT WARNING * * *
The phantom blinks!
You blink.
You hit the phantom but do no damage.
The phantom is severely damaged.
The phantom hits you but does no damage.
You block the phantom's attack.
You closely miss the phantom. Your headbutt misses the phantom.
The phantom is severely damaged.
You block the phantom's attack.
You barely miss the phantom.
The phantom is severely damaged.
The phantom barely misses you. The phantom hits you.
You die...

......#.# ##.#
#.###...##. ......#.#
#.## #..........
#####.#.# #..#
#.######### #
#.#.###########.# #.# #
#.#.........# #.# #.#
#.###.....#.# #.###.#
#.........#.###..##.#
#####.....#.#.##.##.#
#.....#.@.#.....#
##.....#.W...#.#.######
#......#.#............#
#......#.#..###..####.#
#......#.#......>#....#
#.######.#.#####.#.####
#.# #.#.#<....#.#
#.######...#..####.#
#.......).....# #.#


You could see a phantom.

Vanquished Creatures
  An adder (D:2)
  2 dart slugs (D:2)
  An orc (D:2)
  A ball python (D:2)
  3 bats (D:2)
  5 endoplasms
  A giant cockroach (D:1)
  A goblin (D:2)
  3 hobgoblins
  2 kobolds (D:1)
  4 quokkas (D:2)
  3 frilled lizards
  4 rats
31 creatures vanquished.

Notes
Turn   | Place    | Note
-------+----------+-------------------------------------------
     0 | D:1      | boopmooplesden the Minotaur Fighter began the quest for the
                  | Orb.
     0 | D:1      | Reached XP level 1. HP: 19/19 MP: 0/0
   651 | D:1      | Found Koihat's Book Shop.
   719 | D:1      | Reached XP level 2. HP: 27/27 MP: 1/1
   729 | D:1      | You fall into a shaft and drop 1 floor!
   800 | D:2      | Reached XP level 3. HP: 20/33 MP: 2/2
  1599 | D:3      | Noticed a phantom
  1605 | D:3      | Noticed Jessica
  1622 | D:2      | Slain by a phantom

Illustrated notes

Levels and vault maps discovered:
D:1:      dpeg_arrival_water_temple_mockup, layout_basic, serial_shops,
          nicolae_shop_trees
D:2:      layout_basic, minmay_indecisive_spiral
D:3:      layout_basic, mainiacjoe_overflow_alcove_4,
          ebering_ecumenical_altar_sacrificial, minivault_5, st_stairs_3,
          uniq_ijyb, uniq_jessica

Skill      XL: |  1  2  3 |
---------------+----------+-----
Fighting       | 4 |  4.3
Shields        | 4 |  4.2
Maces & Flails | 3 |  3.4
Armour         | |  3.8

Action                   || total
-------------------------++-------
Melee: Flail             ||    67
       Headbutt          ||     9
  Use: Potion            ||     1
Armor: Scale mail        ||    30
Dodge: Dodged            ||    17
Block: Kite shield       ||    29
